 Dungeon Crawl Stone Soup version 0.31-a0-931-g7b59d4eb97 (webtiles) character file.

Game seed: 5535872228480270137

3316 arthad the Fighter (level 9, -6/81 HPs)
             Began as a Minotaur Fighter on Oct 19, 2023.
             Was an Initiate of Okawaru.
             Mangled by a hornet (8 damage)
             ... while paralysed by a hornet
             ... on level 7 of the Dungeon.
             The game lasted 00:10:36 (4613 turns).

arthad the Fighter (Minotaur Fighter)               Turns: 4613, Time: 00:10:36

Health: -6/81      AC:  9    Str: 25    XL:     9   Next: 71%
Magic:  7/8        EV:  2    Int:  5    God:    Okawaru [......]
Gold:   373        SH:  0    Dex: 10    Spells: 8/8 levels left

rFire   . . .        G - +4 war axe (drain)
rCold   . . .        c - +0 buckler
rNeg    . . .        b - +0 scale mail
rPois   .            (helmet restricted)
rElec   .            (no cloak)
rCorr   +            i - +0 pair of gloves
SInv    .            (no boots)
Will    .....        o - amulet of regeneration
Stlth   +            l - ring of resist corrosion
HPRegen 1.13/turn    (no ring)
MPRegen 0.11/turn

%: no passive effects
@: paralysed, mighty, lethally poisoned (-6 -> -26), slowed
A: horns 2, retaliatory headbutt
a: Renounce Religion


You were on level 7 of the Dungeon.
You worshipped Okawaru.
Okawaru was noncommittal.
You visited 2 branches of the dungeon, and saw 8 of its levels.
You also visited: Sewer.

You collected 373 gold pieces.

Inventory:

Hand Weapons
 a - a +0 war axe
 m - a +1 war axe of freezing
 G - a +4 war axe of draining (weapon)
 J - a +0 hand cannon
Missiles
 k - 12 poisoned darts (quivered)
 y - 6 javelins
 O - a curare-tipped dart
Armour
 b - a +0 scale mail (worn)
 c - a +0 buckler (worn)
 i - a +0 pair of gloves (worn)
 N - +0 steam dragon scales
Jewellery
 l - a ring of resist corrosion (left hand)
 o - an amulet of regeneration (around neck)
 r - an amulet of magic regeneration
 P - a +6 ring of intelligence
Wands
 q - a wand of flame (29)
 B - a wand of charming (1)
 R - a wand of digging (4)
Scrolls
 f - 3 scrolls of enchant weapon
 j - 2 scrolls of fear
 u - a scroll of summoning
 x - 2 scrolls of vulnerability
 A - a scroll of enchant armour {unknown}
 C - 4 scrolls of teleportation {unknown}
 D - a scroll of identify
 E - 2 scrolls of revelation {unknown}
 F - 2 scrolls of fog
 H - 3 scrolls of poison {unknown}
 I - a scroll of amnesia {unknown}
 M - a scroll of immolation {unknown}
 Q - 2 scrolls of noise
Potions
 d - a potion of might
 e - 4 potions of curing {unknown}
 g - a potion of enlightenment
 n - a potion of magic {unknown}
 p - 2 potions of haste {unknown}
 s - 4 potions of mutation {unknown}
 t - a potion of ambrosia {unknown}
 v - 2 potions of degeneration {unknown}
 w - 2 potions of berserk rage {unknown}
 z - 2 potions of brilliance {unknown}
 K - a potion of lignification {unknown}
 L - a potion of resistance {unknown}


   Skills:
 * Level 8.0 Fighting
 * Level 7.4 Axes
 * Level 7.9 Armour
 + Level 4.4 Dodging
 + Level 3.4 Stealth
 * Level 8.0 Shields
 + Level 3.2 Evocations


You had 8 spell levels left.
You didn't know any spells.
Your spell library contained the following spells:

 Spells                   Type           Power      Damage    Failure   Level
 Apportation              Tloc           0%         N/A       78%         1
 Necrotise                Necr           0%         1d4       78%         1
 Sublimation of Blood     Necr           0%         N/A       89%         2
 Wereblood                Tmut           0%         N/A       89%         2
 Dimensional Bullseye     Hex/Tloc       0%         N/A       100%        4
 Iskenderun's Mystic Bla  Conj/Tloc      0%         2d3       100%        4
 Eringya's Noxious Bog    Tmut/Pois      0%         4d6       100%        6
 Summon Small Mammal      Summ           Unusable   N/A       N/A         1
 Tukima's Dance           Hex            Unusable   N/A       N/A         3
 Summon Forest            Summ/Tloc      Unusable   N/A       N/A         5
 Summon Hydra             Summ           Unusable   N/A       N/A         7

Dungeon Overview and Level Annotations

Branches:
Dungeon (7/15)             Temple (1/1) D:6           Sewer (visited)

Altars:
Ashenzari
Cheibriados
Dithmenos
Elyvilon
Fedhas
Gozag
Kikubaaqudgha
Makhleb
Nemelex Xobeh
Okawaru
Qazlal
Ru
Sif Muna
Uskayaw
Vehumet
Xom
Yredelemnul
Zin
The Shining One

Annotations:
D:6 2 transporters, Menkaure


Innate Abilities, Weirdness & Mutations

You have a pair of horns on your head.
You reflexively headbutt those who attack you in melee.


Message History

The gnoll barely misses you.
You barely miss the hornet. Your headbutt misses the hornet.
The hornet is lightly wounded.
You feel sick. The hornet barely misses you. The hornet closely misses you.
You furiously retaliate!
You headbutt the hornet!
The gnoll hits you from afar with a +0 spear!
* * * LOW HITPOINT WARNING * * *
The hornet stings you!
* * * LOW HITPOINT WARNING * * *
You feel as though you will be slow longer.
You feel much better.
You feel sick.
The hornet stings you but does no damage.
The hornet closely misses you.
The gnoll sergeant hits you from afar with a +0 antimagic spear.
You feel your power leaking away.
You miss the hornet. Your headbutt misses the hornet.
The hornet is moderately wounded.
You feel sick.
You are no longer poisoned.
The hornet stings you but does no damage.
The hornet misses you. The gnoll sergeant closely misses you.
The hornet stings you!
* * * LOW HITPOINT WARNING * * *
You are poisoned.
You feel as though you will be slow longer.
The gnoll sergeant hits you from afar with a +0 antimagic spear.
* * * LOW HITPOINT WARNING * * *
You hit the hornet.
The hornet is heavily wounded.
You feel very sick. The hornet stings you!
* * * LOW HITPOINT WARNING * * *
You are lethally poisoned!
You suddenly lose the ability to move!
The hornet stings you.
* * * LOW HITPOINT WARNING * * *
You are more poisoned.
You shrug off the repeated paralysis!
The gnoll sergeant hits you but does no damage.
The hornet stings you!
You die...

# #.# .. #.# #. ###.#
#g ...# #.####..#
#.ggg#..# #y#.)####
.###@......#
#...?.....[..#########
..#######...#..<......#
##!##########.# #.# #.#
#+#


You could see a hornet, a gnoll sergeant and a gnoll.

Vanquished Creatures
  Maggie (D:6)
  Grinder (D:5)
  Eustachio (D:5)
  2 steam dragons (D:5)
  A water moccasin (D:5)
  An ice beast (D:6)
  2 black bears (D:5)
  An orc warrior (D:6)
  2 phantoms (D:5)
  2 kobold brigands
  2 bullfrogs (Sewer)
  5 scorpions
  3 wights (D:4)
  A jelly (D:4)
  3 hounds
  5 orc priests
  Ijyb (D:3)
  Terence (D:3)
  11 orc wizards
  2 iguanas
  13 adders
  4 gnolls
  5 river rats (Sewer)
  2 shadow imps
  2 ufetubi (D:6)
  3 worms
  A dart slug (D:1)
  33 orcs
  19 ball pythons
  4 bats (D:1)
  9 endoplasms
  5 giant cockroaches
  12 goblins
  12 hobgoblins
  7 jackals
  5 quokkas
  7 frilled lizards
  12 kobolds
  22 rats
225 creatures vanquished.

Vanquished Creatures (collateral kills)
  A hound (D:4)
  A gnoll (D:4)
2 creatures vanquished.

Vanquished Creatures (others)
  An endoplasm (D:4)
1 creature vanquished.

Grand Total: 228 creatures vanquished

Notes
Turn   | Place    | Note
-------+----------+-------------------------------------------
     0 | D:1      | arthad the Minotaur Fighter began the quest for the Orb.
     0 | D:1      | Reached XP level 1. HP: 19/19 MP: 0/0
   196 | D:1      | Reached XP level 2. HP: 27/27 MP: 1/1
   492 | D:1      | Reached XP level 3. HP: 33/33 MP: 2/2
  1096 | D:2      | Reached XP level 4. HP: 40/40 MP: 3/3
  1205 | D:2      | Reached skill level 1 in Dodging
  1544 | D:3      | Noticed Ijyb
  1554 | D:3      | Killed Ijyb
  1555 | D:3      | Reached skill level 1 in Stealth
  1584 | D:3      | Reached XP level 5. HP: 30/47 MP: 4/4
  1852 | D:3      | Found a faded altar of an unknown god.
  1867 | D:3      | Reached XP level 6. HP: 48/55 MP: 5/5
  1982 | D:3      | Reached skill level 5 in Fighting
  1982 | D:3      | Reached skill level 5 in Shields
  2243 | D:3      | Noticed Terence
  2257 | D:3      | Killed Terence
  2258 | D:3      | Reached skill level 5 in Armour
  2312 | D:4      | Reached skill level 1 in Evocations
  2347 | D:4      | Reached XP level 7. HP: 32/61 MP: 6/6
  2544 | D:4      | Found a glowing drain.
  2560 | Sewer    | Entered a sewer
  2812 | Sewer    | Reached skill level 5 in Axes
  2921 | D:4      | Reached XP level 8. HP: 70/70 MP: 7/7
  3230 | D:5      | Entered Level 5 of the Dungeon
  3498 | D:5      | Noticed Grinder
  3504 | D:5      | Paralysed by Grinder for 3 turns
  3509 | D:5      | Killed Grinder
  3542 | D:5      | Noticed Eustachio
  3556 | D:5      | Killed Eustachio
  3557 | D:5      | Reached XP level 9. HP: 79/79 MP: 8/8
  3848 | D:6      | Identified the "Pydedita"
  3924 | D:6      | Found a staircase to the Ecumenical Temple.
  4005 | Temple   | Entered the Ecumenical Temple
  4022 | Temple   | Became a worshipper of Warmaster Okawaru
  4112 | D:6      | Found a transporter.
  4134 | D:6      | Noticed Maggie
  4142 | D:6      | Killed Maggie
  4382 | D:6      | Found an ancient bone altar of Kikubaaqudgha.
  4384 | D:6      | Noticed Menkaure
  4390 | D:6      | Found a basalt altar of Yredelemnul.
  4392 | D:6      | Found the +10 tower shield of Ignorance {rN+ Int-4}
  4393 | D:6      | Found a transporter.
  4606 | D:7      | Paralysed by a hornet for 2 turns
  4610 | D:7      | HP: 4/81 [hornet (11)]
  4613 | D:7      | Paralysed by a hornet for 2 turns
  4613 | D:7      | Mangled by a hornet

Illustrated notes

Levels and vault maps discovered:
D:1:      evilmike_arrival_rings, layout_basic
D:2:      layout_basic, fountainhead, nicolae_half_adder
D:3:      layout_loops_ring, shapermc_ecumenical_altar_pompeii,
          reono_crystal_passage, nicolae_eternal_life, uniq_ijyb, uniq_terence
D:4:      layout_cave_pools, portal_sewer_entry_c, serial_glass,
          glass_columns_a, glass_columns_a, dreamdust_gnoll_farm
D:5:      kennysheep_steamy, layout_cave_pools, uniq_grinder, uniq_eustachio
D:6:      layout_loops_ring, gammafunk_temple_of_torment,
          minmay_temple_entry_drinking_statues, lightli_minifort, uniq_maggie
D:7:      layout_loops_corners, serial_shops, shop
Temple:   bh_familiar_temple

Skill      XL: |  1  2  3  4  5  6  7  8  9 |
---------------+----------------------------+-----
Shields        | 4 5 6 7 8 |  8.0
Fighting       | 4 5 6 7 8 |  8.0
Armour         | 4 5 7 |  7.9
Axes           | 3 4 5 6 7 |  7.4
Dodging        | 1 2 3 4 |  4.4
Stealth        | 1 2 3 |  3.4
Evocations     | 1 2 3 |  3.2

Action                     |  1- 3 |  4- 6 |  7- 9 || total
---------------------------+-------+-------+-------++-------
  Melee: War axe           |    80 |   145 |   264 ||   489
         Headbutt          |    11 |    14 |    24 ||    49
  Throw: Dart              |       |     7 |     5 ||    12
    Use: Scroll            |       |       |     7 ||     7
         Potion            |       |       |     6 ||     6
 Armour: Scale mail        |    50 |   135 |   216 ||   401
  Dodge: Dodged            |    36 |    61 |   132 ||   229
  Block: Buckler           |    19 |    26 |    81 ||   126

Table legend: (Time is in decaauts)
 A = Elapsed time spent in this place.
 B = Non-inter-level travel time spent in this place.
 C = Inter-level travel time spent in this place.
 D = Time resting spent in this place.
 E = Time spent auto-exploring this place.
 F = Levels seen in this place.
 G = Mean time per level.
                   A        B        C        D        E       F      G
               +--------+--------+--------+--------+--------+-----+--------+
         Total |   4809 |   4609 |    200 |      0 |   3243 |   9 |  534.3 |
       Dungeon |   4436 |   4264 |    172 |      0 |   3081 |   7 |  633.7 |
        Temple |     33 |      6 |     27 |      0 |      0 |   1 |   33.0 |
         Sewer |    339 |    339 |      0 |      0 |    162 |   1 |  339.0 |
               +--------+--------+--------+--------+--------+-----+--------+

Top non-repeatable levels by time:
     D:3: 859 daAuts
     D:2: 761 daAuts
     D:1: 760 daAuts
     D:6: 718 daAuts
     D:4: 695 daAuts
     D:5: 616 daAuts
   Sewer: 339 daAuts
  Temple: 33 daAuts
     D:7: 25 daAuts
